 Dungeon Crawl Stone Soup version 0.32-a0-422-g28b100f618 (webtiles) character file.

Game seed: 11869420915288140961

478 dialectric the Covered (level 7, -11/54 HPs)
             Began as a Coglin Fighter on Feb 21, 2024.
             Mangled by Pikel
             ... wielding a +1 whip of electrocution
              (13 damage)
             ... on level 5 of the Dungeon.
             The game lasted 00:04:22 (3033 turns).

dialectric the Covered (Coglin Fighter)             Turns: 3033, Time: 00:04:23

Health: -11/54     AC:  8    Str: 18    XL:     7   Next: 11%
Magic:  7/7        EV: 10    Int:  8    God:
Gold:   223        SH:  0    Dex: 13    Spells: 6/6 levels left

rFire   . . .        a - +0 war axe {Paramjit}
rCold   . . .        m - +0 hand axe {Siegfried}
rNeg    . . .        b - +0 scale mail
rPois   .            (no helmet)
rElec   .            e - +0 cloak
rCorr   .            (no gloves)
SInv    .            (no boots)
Will    +....        (no amulet) Stlth
                     q - ring of willpower
HPRegen 0.29/turn    (no ring)
MPRegen 0.10/turn

%: no passive effects
@: hasted, very quick
A: off-hand wielding, slow wielding, warmup strikes, legs shutdown
a: no special abilities


You were on level 5 of the Dungeon.
You visited 1 branch of the dungeon, and saw 5 of its levels.

You collected 223 gold pieces.

Inventory:

Hand Weapons
 a - a +0 war axe (weapon) {Paramjit}
 m - a +0 hand axe (offhand) {Siegfried}
Missiles
 j - 7 poisoned darts (quivered)
Armour
 b - a +0 scale mail (worn)
 c - a +0 buckler
 e - a +0 cloak (worn)
Jewellery
 q - a ring of willpower (left grasper)
Scrolls
 f - a scroll of brand weapon {unknown}
 h - 3 scrolls of teleportation {unknown}
 k - a scroll of amnesia {unknown}
 l - a scroll of fear {unknown}
 n - a scroll of immolation {unknown}
 p - 2 scrolls of revelation {unknown}
 r - a scroll of fog {unknown}
Potions
 d - a potion of might
 g - 2 potions of brilliance
 i - a potion of invisibility
 o - a potion of haste
 s - a potion of attraction


   Skills:
 - Level 4.0 Fighting
 * Level 4.7 Axes
 + Level 4.7 Armour
 + Level 2.0 Dodging
 - Level 2.2 Shields


You had 6 spell levels left.
You didn't know any spells.
Your spell library was empty.

Dungeon Overview and Level Annotations

Branches:
Dungeon (5/15)             Temple (0/1) D:4

Altars:
Vehumet

Shops:
D:1 [

Annotations:
D:4 Eustachio
D:5 Pikel


Innate Abilities, Weirdness & Mutations

You can wield a second weapon in your off-hand.
It takes a long time for you to wield or remove held weapons.
Your first few attacks do less damage.
Attacking and casting redirects power from your legs.


Message History

The lemure is moderately wounded.
You closely miss the lemure with your +0 hand axe.
You hit the lemure with your +0 hand axe.
You completely miss the lemure with your +0 war axe.
You slash the lemure with your +0 war axe!
You closely miss the lemure with your +0 war axe.
The lemure hits you but does no damage. The lemure hits you.
The lemure closely misses you.
Unknown command.
Unknown command.
You cannot move.
Unknown command.
Unknown command.
Unknown command.
You cannot move.
Unknown command.
You are no longer unable to travel.
Eustachio casts a spell.
Eustachio blinks!
Pikel hits you with a +1 whip of electrocution!
The lemure completely misses you. The lemure hits you.
The lemure barely misses you.
Pikel hits you with a +1 whip of electrocution!
You are electrocuted!
* * * LOW HITPOINT WARNING * * *
The lemure barely misses you. The lemure hits you but does no damage.
The lemure barely misses you.
You climb downwards.
There is a stone staircase leading up, spattered with blood here.
Things that are here:
a +0 whip; a gnoll skeleton Unknown command.
The lemure barely misses you. The lemure hits you but does no damage.
You feel yourself speed up.
Pikel hits you with a +1 whip of electrocution!
* * * LOW HITPOINT WARNING * * *
You are electrocuted!
You die...
Pikel says, "See you in Hell!"

..........##..#......###.....##
....#................#......##
...##...............##......#
..........##........##......#
.......................##.......
...####.....#.......#...##......
##.## ###..##.....##.........#.#
##..# ##..##....###.........###
#..# ##...#....@###........##
##..###........รท5K5.......#.#
##..#...........#5.........##
###.........#...#.)#........#
.##...###.#.##..#..#........#
....<## #....#...........#..
.....# #........#.......#.#
#....# ..###[.......##....
##.....P .. .......... ....


You could see Pikel and 3 lemures.

Vanquished Creatures
  Blork the orc (D:4)
  A scorpion (D:5)
  A jelly (D:5)
  A hound (D:5)
  Natasha (D:2)
  An orc wizard (D:5)
  A gnoll (D:5)
  7 adders
  A white imp (D:5)
  5 dart slugs
  2 ribbon worms
  6 orcs
  12 endoplasms
  3 giant cockroaches
  5 goblins
  9 hobgoblins
  10 jackals
  3 quokkas
  4 ball pythons
  4 bats
  4 frilled lizards
  2 kobolds
  6 rats
90 creatures vanquished.

Notes
Turn   | Place    | Note
-------+----------+-------------------------------------------
     0 | D:1      | dialectric the Coglin Fighter began the quest for the Orb.
     0 | D:1      | Reached XP level 1. HP: 18/18 MP: 1/1
    27 | D:1      | Reached XP level 2. HP: 24/24 MP: 2/2
   188 | D:1      | Reached XP level 3. HP: 27/29 MP: 3/3
   463 | D:1      | Found Jiateomp's Antique Armour Emporium.
   722 | D:2      | Reached XP level 4. HP: 35/35 MP: 4/4
   952 | D:2      | Found a faded altar of an unknown god.
  1276 | D:2      | Noticed Natasha
  1281 | D:2      | Killed Natasha
  1483 | D:3      | Reached XP level 5. HP: 36/42 MP: 5/5
  2194 | D:4      | Noticed Blork the orc
  2201 | D:4      | Killed Blork the orc
  2202 | D:4      | Reached skill level 1 in Dodging
  2202 | D:4      | Reached XP level 6. HP: 35/48 MP: 6/6
  2266 | D:4      | Found a staircase to the Ecumenical Temple.
  2270 | D:4      | Noticed Eustachio
  2280 | D:4      | Noticed Pikel
  2296 | D:4      | HP: 2/48 [goblin/+0 club (4)]
  2306 | D:5      | Entered Level 5 of the Dungeon
  2606 | D:5      | Reached XP level 7. HP: 29/54 MP: 7/7
  2941 | D:5      | Found a radiant altar of Vehumet.
  3033 | D:5      | HP: 2/54 [Pikel/+1 whip of electrocution (8)]
  3033 | D:5      | Mangled by Pikel

Illustrated notes

Levels and vault maps discovered:
D:1:      dpeg_arrival_pits, layout_rooms, serial_shops,
          nicolae_shop_hallway_plus, st_stairs_1, moated_statue, feat_on_display
D:2:      layout_loops_corners, basic_ecumenical_altar, minmay_bisected,
          uniq_natasha
D:3:      minmay_wonky_spiral, layout_rooms, kennysheep_generic_room_9
D:4:      layout_loops_ring, minmay_temple_entry_large_hall, uniq_blork_the_orc,
          uniq_pikel, uniq_duvessa, uniq_eustachio
D:5:      lemuel_castle_with_subvaults [lemuel_castle_interior_original],
          layout_cave_pools, fiery_altar_vehumet

Skill      XL: |  1  2  3  4  5  6  7 |
---------------+----------------------+-----
Armour         | 3 4 |  4.7
Axes           | 3 4 |  4.7
Fighting       | 4 |  4.0
Dodging        | 1 2 |  2.0
Shields        | |  2.2

Action                     |  1- 3 |  4- 6 |  7- 9 || total
---------------------------+-------+-------+-------++-------
  Melee: War axe           |    73 |   112 |     7 ||   192
         Hand axe          |     4 |   105 |     6 ||   115
  Throw: Dart              |       |     6 |       ||     6
    Use: Potion            |       |     3 |     1 ||     4
         Scroll            |       |       |     3 ||     3
 Armour: Scale mail        |    34 |   128 |    16 ||   178
  Dodge: Dodged            |    30 |    74 |    10 ||   114
  Block: Buckler           |    15 |       |       ||    15

Table legend: (Time is in decaauts)
 A = Elapsed time spent in this place.
 B = Non-inter-level travel time spent in this place.
 C = Inter-level travel time spent in this place.
 D = Time resting spent in this place.
 E = Time spent auto-exploring this place.
 F = Levels seen in this place.
 G = Mean time per level.
                   A        B        C        D        E       F      G
               +--------+--------+--------+--------+--------+-----+--------+
         Total |   3089 |   3046 |     43 |     58 |   2334 |   5 |  617.8 |
       Dungeon |   3089 |   3046 |     43 |     58 |   2334 |   5 |  617.8 |
               +--------+--------+--------+--------+--------+-----+--------+

Top non-repeatable levels by time:
     D:2: 928 daAuts
     D:5: 728 daAuts
     D:3: 661 daAuts
     D:1: 582 daAuts
     D:4: 190 daAuts
